 Dungeon Crawl Stone Soup version 0.31-a0-237-g2d982f9f85 (webtiles) character file.

Game seed: 16534708233223447234

400 qw the Shooter (level 6, 0/56 HPs)
             Began as a Minotaur Hexslinger on July 11, 2023.
             Slain by a ball python (1 damage)
             ... on level 4 of the Dungeon.
             The game lasted 00:00:57 (2458 turns).

qw the Shooter (Minotaur Hexslinger)                Turns: 2458, Time: 00:00:57

Health: 0/56       AC:  5    Str: 11 (12) XL:     6   Next: 54%
Magic:  5/5        EV:  8    Int:  8 (9)  God:
Gold:   182        SH:  0    Dex: 17 (20) Spells: 6/7 levels left

rFire   . . .        Y - +4 sling
rCold   . . .        (no shield)
rNeg    . . .        e - +0 ring mail
rPois   .            (helmet restricted)
rElec   .            (no cloak)
rCorr   .            (no gloves)
SInv    .            (no boots)
Will    .....        (no amulet)
Stlth   ++           (no ring)
HPRegen 0.29/turn    (no ring)
MPRegen 0.09/turn

%: no passive effects
@: constricted
A: horns 2, retaliatory headbutt, hooves 1, thin skeletal structure 1, agile 1,
low MP 1
a: no special abilities


You were on level 4 of the Dungeon.
You visited 1 branch of the dungeon, and saw 4 of its levels.

You collected 182 gold pieces.


Innate Abilities, Weirdness & Mutations

You have a pair of horns on your head.
You reflexively headbutt those who attack you in melee.
You have large cloven feet.
You have a somewhat thin skeletal structure. (Dex +2, Stealth+)
You are agile. (Dex +4, Str/Int -1)
Your magical capacity is low. (-10% MP)


   Skills:
 - Level 5.5 Fighting
 + Level 5.7 Ranged Weapons
 - Level 1.0 Armour
 - Level 2.1 Dodging
 - Level 1.0 Spellcasting
 - Level 2.0 Hexes


You had 6 spell levels left.
You knew the following spells:

 Your Spells              Type           Power      Damage    Failure   Level
a - Slow                  Hex            12%        N/A       38%         1

Your spell library contained the following spells:

 Spells                   Type           Power      Damage    Failure   Level
 Inner Flame              Hex/Fire       2%         N/A       88%         3
 Portal Projectile        Hex/Tloc       4%         N/A       88%         3
 Cause Fear               Hex            1%         N/A       99%         4

Inventory:

Hand Weapons
 Y - a +4 sling (weapon)
Armour
 e - a +0 ring mail (worn)
Scrolls
 g - a scroll of identify
Potions
 c - a potion of brilliance {unknown}
 d - a potion of mutation
 f - a potion of heal wounds {unknown}

Dungeon Overview and Level Annotations

Branches:
Dungeon (4/15)
 Temple: D:4-7

Altars:
Uskayaw


Message History

Something hits you but does no damage. The ball python barely misses you.
The ball python constricts you. Something hits you.
The ball python bites you but does no damage.
The ball python constricts you. The ball python bites you.
The ball python constricts you. Something hits you but does no damage.
The ball python bites you but does no damage.
The ball python constricts you. Something hits you but does no damage.
The ball python bites you but does no damage.
The ball python constricts you.
You hear some strange, mumbled words.
A magic dart appears from out of thin air!
The magic dart hits you.
The ball python bites you but does no damage.
The ball python constricts you. Something hits you.
You feel less confused. The ball python bites you.
The ball python constricts you.
You hear some strange, mumbled words.
Something tries to affect you, but you resist.
The ball python bites you but does no damage.
The ball python constricts you.
You shoot a sling bullet.
The sling bullet closely misses the ball python.
An orc wizard appears from thin air!
Reactivating autopickup.
The ball python barely misses you. The ball python constricts you.
The orc wizard hits you but does no damage.
You shoot a sling bullet.
The sling bullet closely misses the ball python.
The ball python closely misses you. The ball python constricts you.
The orc wizard casts a spell at you. You resist with some effort.
The ball python bites you but does no damage.
The ball python constricts you.
You shoot a sling bullet.
The sling bullet closely misses the ball python.
The orc wizard hits you with a +0 dagger.
The ball python bites you.
You die...

#.# #)#
#)# #.#
#.# #.#
#.# #)#
#@#
#.oSg.....
#######...


You could see an orc wizard, a hobgoblin and a ball python.

Vanquished Creatures
  Grinder (D:3)
  Jessica (D:3)
  3 orc wizards (D:4)
  A gnoll (D:1)
  2 adders (D:2)
  2 worms (D:3)
  4 dart slugs
  4 orcs (D:4)
  4 giant cockroaches
  4 goblins
  7 hobgoblins
  7 kobolds
  A quokka (D:3)
  3 ball pythons
  6 bats
  2 frilled lizards
  8 rats
60 creatures vanquished.

Notes
Turn   | Place    | Note
-------+----------+-------------------------------------------
     0 | D:1      | qw the Minotaur Hexslinger began the quest for the Orb.
     0 | D:1      | Reached XP level 1. HP: 16/16 MP: 1/1
     0 | D:1      | 0 ||| qw: Version: 0.3-a-52-g30416fa
     0 | D:1      | 0 ||| qw: Game counter: 5829
     0 | D:1      | 0 ||| qw: Melee chars always use a shield: true
     0 | D:1      | 0 ||| qw: God list: Okawaru
     0 | D:1      | 0 ||| qw: Allow faded altars: false
     0 | D:1      | 0 ||| qw: Do Orc after clearing Dungeon:15 true
     0 | D:1      | 0 ||| qw: Do second Lair branch before Depths: true
     0 | D:1      | 0 ||| qw: Lair rune preference: random
     0 | D:1      | 0 ||| qw: Goals: Normal
     0 | D:1      | 0 ||| PLANNING D:1-11
   113 | D:1      | Reached skill level 3 in Ranged Weapons
   113 | D:1      | Reached XP level 2. HP: 7/23 MP: 2/2
   113 | D:1      | 113 ||| FLEEEEING.
   114 | D:1      | 114 ||| FLEEEEING.
   115 | D:1      | 115 ||| FLEEEEING.
   117 | D:1      | 117 ||| FLEEEEING.
   118 | D:1      | 118 ||| FLEEEEING.
   119 | D:1      | 119 ||| FLEEEEING.
   120 | D:1      | 120 ||| FLEEEEING.
   121 | D:1      | 121 ||| FLEEEEING.
   122 | D:1      | 122 ||| FLEEEEING.
   123 | D:1      | 123 ||| FLEEEEING.
   124 | D:1      | 124 ||| FLEEEEING.
   125 | D:1      | 125 ||| FLEEEEING.
   126 | D:1      | 126 ||| FLEEEEING.
   129 | D:1      | 129 ||| FLEEEEING.
   130 | D:1      | 130 ||| FLEEEEING.
   131 | D:1      | 131 ||| FLEEEEING.
   132 | D:1      | 132 ||| FLEEEEING.
   512 | D:1      | 512 ||| FLEEEEING.
   668 | D:1      | Reached XP level 3. HP: 29/29 MP: 3/3
  1010 | D:1      | 1010 ||| UPGRADING to +0 ring mail.
  1020 | D:1      | 1020 ||| DROPPING +0 robe.
  1021 | D:1      | 1021 ||| READING scroll labelled PICZEKARIF.
  1022 | D:1      | 1022 ||| READING scroll labelled UHISOZA YSHI.
  1023 | D:1      | 1023 ||| DRINKING 2 lumpy inky potions.
  1023 | D:1      | Gained mutation: Your magical capacity is low. (-10% MP)
                  | [potion of mutation]
  1023 | D:1      | Gained mutation: You have a somewhat thin skeletal
                  | structure. (Dex +2, Stealth+) [potion of mutation]
  1023 | D:1      | Gained mutation: You are agile. (Dex +4, Str/Int -1)
                  | [potion of mutation]
  1023 | D:1      | Gained mutation: You have large cloven feet. [potion of
                  | mutation]
  1024 | D:1      | 1024 ||| DROPPING scroll of poison.
  1045 | D:2      | Found a faded altar of an unknown god.
  1258 | D:2      | Reached skill level 1 in Armour
  1465 | D:2      | 1465 ||| READING scroll of enchant weapon.
  1465 | D:2      | 1465 ||| ENCHANTING +2 sling.
  1483 | D:2      | Reached XP level 4. HP: 28/36 MP: 3/3
  1673 | D:2      | 1673 ||| READING scroll labelled VAKUCO INUJ.
  1674 | D:2      | 1674 ||| READING 3 scrolls of identify.
  1674 | D:2      | 1674 ||| IDENTIFYING bubbling green potion
  1675 | D:2      | 1675 ||| READING 2 scrolls of identify.
  1675 | D:2      | 1675 ||| IDENTIFYING bubbling grey potion
  1676 | D:2      | 1676 ||| DROPPING potion of attraction.
  1677 | D:2      | 1677 ||| DROPPING potion of invisibility.
  1749 | D:3      | 1749 ||| FLEEEEING.
  1750 | D:3      | 1750 ||| FLEEEEING.
  1751 | D:3      | 1751 ||| FLEEEEING.
  1752 | D:3      | 1752 ||| FLEEEEING.
  1753 | D:3      | 1753 ||| FLEEEEING.
  1754 | D:3      | 1754 ||| FLEEEEING.
  1755 | D:3      | 1755 ||| FLEEEEING.
  1756 | D:3      | 1756 ||| FLEEEEING.
  1757 | D:3      | 1757 ||| FLEEEEING.
  1758 | D:3      | 1758 ||| FLEEEEING.
  1759 | D:3      | 1759 ||| FLEEEEING.
  2019 | D:3      | 2019 ||| READING scroll of enchant weapon.
  2019 | D:3      | 2019 ||| ENCHANTING +3 sling.
  2193 | D:3      | Noticed Jessica
  2195 | D:3      | Killed Jessica
  2268 | D:3      | Noticed Grinder
  2270 | D:3      | Found a hide-covered altar of Uskayaw.
  2270 | D:3      | Paralysed by Grinder for 3 turns
  2274 | D:3      | Paralysed by Grinder for 3 turns
  2289 | D:3      | 2289 ||| FLEEEEING.
  2290 | D:3      | 2290 ||| FLEEEEING.
  2291 | D:3      | 2291 ||| FLEEEEING.
  2297 | D:3      | Killed Grinder
  2298 | D:3      | Reached XP level 5. HP: 45/48 MP: 4/4
  2298 | D:3      | Reached XP level 6. HP: 53/56 MP: 5/5
  2351 | D:3      | 2351 ||| READING scroll labelled VETAWA VIDUERIPTO.
  2356 | D:3      | 2356 ||| DRINKING 2 smoky inky potions.
  2357 | D:3      | 2357 ||| DROPPING potion of degeneration.
  2448 | D:4      | HP: 14/56 [ball python (2)]
  2453 | D:4      | HP: 5/56 [something/magic dart (5)]
  2455 | D:4      | HP: 2/56 [constriction (1)]
  2458 | D:4      | Slain by a ball python

Levels and vault maps discovered:
D:1:      lightli_arrival_statuegarden, layout_loops_corners,
          chequers_serial_rivers_small_b
D:2:      layout_loops_ring, ebering_ecumenical_altar_mist,
          kennysheep_cross_bottleneck
D:3:      layout_basic, mainiacjoe_overflow_small_starburst, uniq_jessica,
          uniq_grinder
D:4:      layout_basic, lemuel_temple_firewalk_b, chequers_serial_rivers_large_a

Skill      XL: |  1  2  3  4 |
---------------+-------------+-----
Ranged Weapons | 3 4 5 |  5.7
Fighting       | 2 5 |  5.5
Armour         | 1 |  1.0
Dodging        | |  2.1
Spellcasting   | |  1.0
Hexes          | |  2.0

Action                     |  1- 3 |  4- 6 || total
---------------------------+-------+-------++-------
   Fire: Sling             |   105 |    64 ||   169
    Use: Scroll            |     3 |     5 ||     8
         Potion            |     1 |     1 ||     2
 Armour: Robe              |     4 |       ||     4
         Ring mail         |     8 |    37 ||    45
  Dodge: Dodged            |    32 |    20 ||    52

Table legend:
 A = Non-vault XP
 B = Vault XP
 C = Vault XP percentage of total XP
 D = Non-vault monster count
 E = Vault monster count
 F = Vault count percentage of total count
                 A         B        C        D         E       F
            +---------+---------+-------+---------+---------+-------
      Total |     249 |     323 |  56.5 |      58 |       2 |   3.3
            +---------+---------+-------+---------+---------+-------
        D:1 |      51 |       0 |   0.0 |      23 |       0 |   0.0
        D:2 |      59 |       0 |   0.0 |      19 |       0 |   0.0
        D:3 |      22 |     323 |  93.6 |       9 |       2 |  18.2
        D:4 |     117 |       0 |   0.0 |       7 |       0 |   0.0
            +---------+---------+-------+---------+---------+-------
